ESL (28 & UNDER)
KINGSTON IGUANAS @ WILMINGTON REBELS
08/04/2026
 
TOP OF THE 1ST
Kingston Iguanas batting - Pitching for Wilmington Rebels : LHP Guy Sewell
Pitching: LHP Guy Sewell
Batting: RHB Tim Davis 0-0: Foul Ball, location: 2F
0-1: SINGLE (Line Drive, 78S)
Batting: LHB Bob Greene 0-0: Ball
1-0: Swinging Strike
1-1: Foul Ball, location: 2F
1-2: Ball
2-2: Foul Ball, location: 2F
2-2: Foul Ball, location: 2F
2-2: Strikes out swinging
Batting: RHB Mike Johnson 0-0: Called Strike
0-1: Swinging Strike
0-2: Ball
Tim Davis steals 2nd base
1-2: Foul Ball, location: 2F
1-2: Ball
2-2: Strikes out swinging
Batting: RHB William Duncan 0-0: Ball
1-0: Ball
2-0: Ball
3-0: Called Strike
3-1: Base on Balls
Batting: RHB Diego Francisco 0-0: Swinging Strike
0-1: Ball
1-1: Fly out, F8 (Flyball, 8LS)
Top of the 1st over - 0 run(s), 1 hit(s), 0 error(s), 2 left on base; Kingston 0 - Wilmington 0
BOTTOM OF THE 1ST
Wilmington Rebels batting - Pitching for Kingston Iguanas : RHP Matt Nance
Pitching: RHP Matt Nance
Batting: RHB Jesús Cabrera 0-0: Ball
1-0: Swinging Strike
1-1: Ball
2-1: DOUBLE (Line Drive, 7LS)
Batting: RHB Jeff Jones 0-0: Ball
1-0: Called Strike
1-1: Ball
Wild Pitch!
Jesús Cabrera to third
2-1: Swinging Strike
2-2: Ball
3-2: Fly out, F7 (Flyball, 7D)
Runner from 3rd tags up, SCORES, no throw
Batting: RHB Enrico Bonizo 0-0: DOUBLE (Flyball, 8LXD)
Batting: RHB Vicente Valentín 0-0: Foul Ball, location: 2F
0-1: Ball
1-1: Ball
Enrico Bonizo is caught stealing 3rd base
2-1: Foul Ball, location: 2F
2-2: Ball
3-2: Foul Ball, location: 2F
3-2: Fly out, F8 (Flyball, 8RD)
Bottom of the 1st over - 1 run(s), 2 hit(s), 0 error(s), 0 left on base; Kingston 0 - Wilmington 1
TOP OF THE 2ND
Kingston Iguanas batting - Pitching for Wilmington Rebels : LHP Guy Sewell
Batting: RHB Bill Crawley 0-0: Ball
1-0: Called Strike
1-1: Ball
2-1: Ball
3-1: Foul Ball, location: 2F
3-2: Foul Ball, location: 2F
3-2: Foul Ball, location: 2F
3-2: Base on Balls
Batting: RHB Salvador Vega 0-0: Called Strike
0-1: Swinging Strike
0-2: Strikes out swinging
Batting: LHB Juan Romero 0-0: Called Strike
0-1: Foul Ball, location: 2F
0-2: Ball
1-2: Ball
2-2: Foul Ball, location: 2F
2-2: Strikes out swinging
Batting: RHB Bobby Armstrong Pickoff Throw to First - Error! E1
Bill Crawley to second
0-0: Ball
1-0: Ball
2-0: Ball
3-0: Base on Balls
Batting: RHB Tim Davis 0-0: Ball
1-0: Called Strike
1-1: Foul Ball, location: 2F
1-2: Reached on error, E6 (Groundball, 6)
Bill Crawley to third
Bobby Armstrong to second
Batting: LHB Bob Greene 0-0: Called Strike
0-1: Foul Ball, location: 2F
0-2: Fly out, F7 (Flyball, 78D)
Top of the 2nd over - 0 run(s), 0 hit(s), 2 error(s), 3 left on base; Kingston 0 - Wilmington 1
BOTTOM OF THE 2ND
Wilmington Rebels batting - Pitching for Kingston Iguanas : RHP Matt Nance
Batting: RHB Al Reese 0-0: Ball
1-0: Ball
2-0: Called Strike
2-1: Foul Ball, location: 2F
2-2: Ball
3-2: Base on Balls
Batting: LHB David Cháves 0-0: Ball
1-0: Ball
2-0: Called Strike
2-1: Ball
3-1: Base on Balls
Al Reese to second
Batting: RHB Jessie Thompson 0-0: Foul Ball, location: 2F
0-1: Swinging Strike
0-2: SINGLE (Groundball, 56D)
Al Reese to third
David Cháves to second
Batting: LHB Tim Bruce 0-0: Ball
1-0: Fly out, F9 (Flyball, 89XD)
Runner from 3rd tags up, SCORES, no throw
David Cháves to third
Batting: RHB Joey Boyd 0-0: Called Strike
Jessie Thompson is caught stealing 2nd base
0-1: Ball
1-1: Ball
2-1: Ground out 5-3 (Groundball, 56S)
Bottom of the 2nd over - 1 run(s), 1 hit(s), 0 error(s), 1 left on base; Kingston 0 - Wilmington 2
TOP OF THE 3RD
Kingston Iguanas batting - Pitching for Wilmington Rebels : LHP Guy Sewell
Batting: RHB Mike Johnson 0-0: Called Strike
0-1: Ground out 4-3 (Groundball, 4M)
Batting: RHB William Duncan 0-0: Ball
1-0: Ball
2-0: Swinging Strike
2-1: Fly out, F8 (Flyball, 8LM)
Batting: RHB Diego Francisco 0-0: Ball
1-0: Called Strike
1-1: Ball
2-1: Ball
3-1: Called Strike
3-2: DOUBLE (Flyball, 8LXD)
Batting: RHB Bill Crawley 0-0: Called Strike
0-1: Called Strike
0-2: Foul Ball, location: 2F
0-2: Strikes out swinging
Top of the 3rd over - 0 run(s), 1 hit(s), 0 error(s), 1 left on base; Kingston 0 - Wilmington 2
BOTTOM OF THE 3RD
Wilmington Rebels batting - Pitching for Kingston Iguanas : RHP Matt Nance
Batting: RHB Jesús Cabrera 0-0: Foul Ball, location: 2F
0-1: Called Strike
0-2: Foul Ball, location: 2F
0-2: Ball
1-2: Ball
2-2: Ball
3-2: Strikes out swinging
Batting: RHB Jeff Jones 0-0: Ball
1-0: Ball
2-0: Ball
3-0: Base on Balls
Batting: RHB Enrico Bonizo 0-0: Ball
1-0: Ball
2-0: Grounds into double play, 6-4-3 (Groundball, 6)
Bottom of the 3rd over - 0 run(s), 0 hit(s), 0 error(s), 0 left on base; Kingston 0 - Wilmington 2
TOP OF THE 4TH
Kingston Iguanas batting - Pitching for Wilmington Rebels : LHP Guy Sewell
Batting: RHB Salvador Vega 0-0: Called Strike
0-1: Foul Ball, location: 2F
0-2: Ball
1-2: SINGLE (Line Drive, 3)
Batting: LHB Juan Romero 0-0: Ball
1-0: Ball
2-0: Ball
3-0: Called Strike
3-1: Ground out 4-3 (Groundball, 13)
Salvador Vega to second
Batting: RHB Bobby Armstrong 0-0: Called Strike
0-1: Called Strike
0-2: Ball
Wild Pitch!
Salvador Vega to third
1-2: SINGLE (Flyball, 8LS)
Salvador Vega scores
Batting: RHB Tim Davis 0-0: Ball
1-0: Ball
2-0: Foul Ball, location: 2F
2-1: Called Strike
2-2: Foul Ball, location: 2F
2-2: Ball
3-2: Foul Ball, location: 2F
3-2: Strikes out swinging
Batting: LHB Bob Greene 0-0: Called Strike
0-1: Foul Ball, location: 2F
0-2: Foul Ball, location: 2F
0-2: Ball
Bobby Armstrong is caught stealing 2nd base
Top of the 4th over - 1 run(s), 2 hit(s), 0 error(s), 0 left on base; Kingston 1 - Wilmington 2
BOTTOM OF THE 4TH
Wilmington Rebels batting - Pitching for Kingston Iguanas : RHP Matt Nance
Batting: RHB Vicente Valentín 0-0: Ball
1-0: Ball
2-0: Swinging Strike
2-1: Called Strike
2-2: Strikes out looking
Batting: RHB Al Reese 0-0: Ball
1-0: Foul Ball, location: 2F
1-1: Ball
2-1: Foul Ball, location: 2F
2-2: Strikes out swinging
Batting: LHB David Cháves 0-0: Ball
1-0: Called Strike
1-1: Called Strike
1-2: Ball
2-2: SINGLE (Line Drive, 34)
Batting: RHB Jessie Thompson 0-0: Ball
David Cháves steals 2nd base
1-0: Ball
2-0: Ball
3-0: Swinging Strike
3-1: Base on Balls
Batting: LHB Tim Bruce 0-0: Ball
1-0: Swinging Strike
1-1: Called Strike
1-2: Ball
2-2: Strikes out swinging
Bottom of the 4th over - 0 run(s), 1 hit(s), 0 error(s), 2 left on base; Kingston 1 - Wilmington 2
TOP OF THE 5TH
Kingston Iguanas batting - Pitching for Wilmington Rebels : LHP Guy Sewell
Batting: LHB Bob Greene 0-0: Called Strike
0-1: Ball
1-1: SINGLE (Groundball, 6MD)
Pitching: LHP Matt Fritz
Batting: RHB Mike Johnson 0-0: Ball
1-0: Foul Ball, location: 2F
1-1: SINGLE (Line Drive, 89M)
Bob Greene to second
Batting: RHB William Duncan 0-0: Ball
1-0: Fielders Choice at 2nd, 3-6 (Groundball, 3)
Bob Greene to third
Batting: RHB Diego Francisco 0-0: Ball
1-0: Called Strike
1-1: Ball
2-1: Called Strike
2-2: Ball
3-2: Base on Balls
William Duncan to second
Batting: RHB Bill Crawley 0-0: SINGLE (Line Drive, 7S)
Bob Greene scores
William Duncan to third
Diego Francisco to second
Runner from 3rd tries for Home, SAFE, no throw or cutoff
Batting: RHB Salvador Vega 0-0: Ball
1-0: Called Strike
Diego Francisco steals 3rd base
Bill Crawley to second
1-1: Fly out, F9 (Flyball, 9LSF)
Runner from 3rd tags up, SCORES, no throw
Batting: LHB Juan Romero 0-0: Swinging Strike
0-1: Called Strike
0-2: Ball
1-2: Ball
2-2: Strikes out looking
Top of the 5th over - 3 run(s), 3 hit(s), 0 error(s), 1 left on base; Kingston 4 - Wilmington 2
BOTTOM OF THE 5TH
Wilmington Rebels batting - Pitching for Kingston Iguanas : RHP Matt Nance
Batting: RHB Joey Boyd 0-0: Called Strike
0-1: Ball
1-1: Ground out 4-3 (Groundball, 13)
Batting: RHB Jesús Cabrera 0-0: Ball
1-0: Ball
2-0: Ball
3-0: Called Strike
3-1: SINGLE (Line Drive, 8LS)
Pitching: RHP Robert Alexander
Batting: RHB Jeff Jones 0-0: Foul Ball, location: 2F
0-1: Ball
1-1: Foul Ball, location: 2F
1-2: Foul Ball, location: 2F
1-2: Ball
Wild Pitch!
Jesús Cabrera to second
2-2: Ball
3-2: Fly out, F8 (Flyball, 8RS)
Batting: RHB Enrico Bonizo 0-0: Ball
1-0: Called Strike
1-1: Fly out, F7 (Flyball, 7LD)
Bottom of the 5th over - 0 run(s), 1 hit(s), 0 error(s), 1 left on base; Kingston 4 - Wilmington 2
TOP OF THE 6TH
Kingston Iguanas batting - Pitching for Wilmington Rebels : LHP Matt Fritz
Batting: RHB Bobby Armstrong 0-0: Ground out 6-3 (Groundball, 6M)
Batting: RHB Tim Davis 0-0: Ball
1-0: Ball
2-0: Called Strike
2-1: Ball
3-1: Foul Ball, location: 2F
3-2: Base on Balls
Batting: LHB Bob Greene 0-0: Called Strike
0-1: Ball
1-1: Ball
2-1: Foul Ball, location: 2F
2-2: Ground out U3 (Groundball, 3S)
Tim Davis to second
Batting: RHB Mike Johnson 0-0: SINGLE (Line Drive, 34D)
Tim Davis to third
Runner from 3rd tries for Home, SAFE, no throw or cutoff
Pitching: RHP Manuel Ferreira
Batting: RHB William Duncan 0-0: Ball
1-0: Called Strike
1-1: Swinging Strike
1-2: Foul Ball, location: 2F
1-2: Ball
Mike Johnson steals 2nd base
2-2: Fly out, F8 (Flyball, 78M)
Top of the 6th over - 1 run(s), 1 hit(s), 0 error(s), 1 left on base; Kingston 5 - Wilmington 2
BOTTOM OF THE 6TH
Wilmington Rebels batting - Pitching for Kingston Iguanas : RHP Robert Alexander
Batting: RHB Vicente Valentín 0-0: Ball
1-0: SINGLE (Flyball, 89S)
Batting: RHB Al Reese 0-0: Ball
1-0: Called Strike
1-1: Called Strike
Vicente Valentín is caught stealing 2nd base
1-2: SINGLE (Line Drive, 34)
Batting: LHB David Cháves 0-0: Ball
Al Reese is caught stealing 2nd base
1-0: Bunt for hit - play at first, batter safe!
Batting: RHB Jessie Thompson 0-0: Ball
1-0: Called Strike
1-1: DOUBLE (Line Drive, 78D)
David Cháves to third
Runner from 3rd tries for Home, SAFE, no throw or cutoff
Batting: LHB Tim Bruce 0-0: Ball
1-0: Ball
2-0: Ball
3-0: Base on Balls
Batting: RHB Joey Boyd 0-0: Ball
1-0: Ball
2-0: Called Strike
2-1: Ball
3-1: Called Strike
3-2: Strikes out swinging
Bottom of the 6th over - 1 run(s), 4 hit(s), 0 error(s), 2 left on base; Kingston 5 - Wilmington 3
TOP OF THE 7TH
Kingston Iguanas batting - Pitching for Wilmington Rebels : RHP Manuel Ferreira
Batting: RHB Diego Francisco 0-0: Ball
1-0: Ball
2-0: Ball
3-0: Called Strike
3-1: Fly out, F8 (Flyball, 8RS)
Batting: RHB Bill Crawley 0-0: Called Strike
0-1: Foul Ball, location: 2F
0-2: Ground out 1-3 (Groundball, 25)
Pitching: LHP Chu-chu Ch'oe
Batting: RHB Salvador Vega 0-0: Ball
1-0: Foul Ball, location: 2F
1-1: Ball
2-1: SINGLE (Line Drive, 89S)
Pitching: LHP Edwin King
Batting: LHB Juan Romero 0-0: Ball
1-0: Foul Ball, location: 2F
1-1: Ball
2-1: Foul Ball, location: 2F
2-2: Fly out, F7 (Line Drive, 7LM)
Top of the 7th over - 0 run(s), 1 hit(s), 0 error(s), 1 left on base; Kingston 5 - Wilmington 3
BOTTOM OF THE 7TH
Wilmington Rebels batting - Pitching for Kingston Iguanas : RHP Robert Alexander
Batting: RHB Jesús Cabrera 0-0: Foul Ball, location: 2F
0-1: SINGLE (Flyball, 9LM)
Batting: RHB Jeff Jones 0-0: Ball
1-0: Called Strike
Jesús Cabrera steals 2nd base
1-1: Foul Ball, location: 2F
1-2: SINGLE (Line Drive, 78S)
Jesús Cabrera to third
Runner from 3rd tries for Home, SAFE, no throw or cutoff
Pinch Hitting: LHB Chandler Hubbard 0-0: Called Strike
0-1: Ball
1-1: Ball
2-1: Swinging Strike
2-2: Ball
3-2: DOUBLE (Flyball, 78XD)
Jeff Jones to third
Runner from 3rd tries for Home, SAFE, no throw or cutoff
Batting: RHB Vicente Valentín 0-0: Intentional Walk
Pitching: RHP Guo-fang Juan
Pinch Hitting: RHB Jackson Gibson 0-0: Fly out, F3 (Popup, 3)
Batting: LHB David Cháves 0-0: Swinging Strike
0-1: Ball
1-1: Called Strike
1-2: Ball
2-2: Strikes out swinging
Batting: RHB Jessie Thompson 0-0: Ball
1-0: Ball
2-0: Called Strike
2-1: SINGLE (Line Drive, 9LS)
Chandler Hubbard to third
Vicente Valentín to second
Runner from 3rd tries for Home, SAFE, no throw or cutoff
Batting: LHB Tim Bruce 0-0: Foul Ball, location: 2F
0-1: Ball
1-1: Ball
2-1: Foul Ball, location: 2F
2-2: Ball
3-2: Strikes out looking
Bottom of the 7th over - 3 run(s), 4 hit(s), 0 error(s), 2 left on base; Kingston 5 - Wilmington 6
TOP OF THE 8TH
Kingston Iguanas batting - Pitching for Wilmington Rebels : LHP Edwin King
Pitching: LHP Juan Cruz
Now at SS: Charles Alexander
Now in CF: Ramón Benítez
Batting: RHB Bobby Armstrong 0-0: Ground out 6-3 (Groundball, 6)
Batting: RHB Tim Davis 0-0: Ball
1-0: Called Strike
1-1: Ground out U3 (Groundball, 3)
Pitching: LHP Edgar Michael
Batting: LHB Bob Greene 0-0: Called Strike
0-1: Ball
1-1: Ball
2-1: Ball
3-1: Fly out, F6 (Popup, 6)
Top of the 8th over - 0 run(s), 0 hit(s), 0 error(s), 0 left on base; Kingston 5 - Wilmington 6
BOTTOM OF THE 8TH
Wilmington Rebels batting - Pitching for Kingston Iguanas : RHP Guo-fang Juan
Batting: RHB Joey Boyd 0-0: Ball
1-0: SINGLE (Line Drive, 3)
Batting: RHB Jesús Cabrera 0-0: Ball
Joey Boyd steals 2nd base
1-0: Foul Ball, location: 2F
1-1: Ball
2-1: Swinging Strike
2-2: Ball
3-2: Strikes out looking
Batting: RHB Jeff Jones 0-0: Ball
1-0: Ball
Wild Pitch!
Joey Boyd to third
2-0: Ball
3-0: Called Strike
3-1: Base on Balls
Batting: SHB Charles Alexander 0-0: Ball
1-0: Grounds into double play, U3-6 (Groundball, 3L)
Bottom of the 8th over - 0 run(s), 1 hit(s), 0 error(s), 1 left on base; Kingston 5 - Wilmington 6
TOP OF THE 9TH
Kingston Iguanas batting - Pitching for Wilmington Rebels : LHP Edgar Michael
Pinch Hitting: RHB Soshu Nakamura 0-0: Ball
1-0: SINGLE (Flyball, 89S)
Batting: RHB William Duncan 0-0: Called Strike
0-1: Ball
1-1: Grounds into double play, 1-6-3 (Groundball, 15S)
Batting: RHB Diego Francisco 0-0: Called Strike
0-1: Ball
1-1: Foul Ball, location: 2F
1-2: Ball
2-2: Fly out, F4 (Popup, 4D)
Top of the 9th over - 0 run(s), 1 hit(s), 0 error(s), 0 left on base; Kingston 5 - Wilmington 6
Monday, December 5th, 2016 - OOTP Baseball 17.12 Build 75